 Dungeon Crawl Stone Soup version 0.23-a0-448-g1c01f63 (webtiles) character file.

11545 galech the Cleaver (level 11, 0/84 HPs)
             Began as a Demonspawn Fighter on Nov 19, 2018.
             Was a High Priest of Okawaru.
             Slain by a two-headed ogre
             ... wielding a +0 giant club
              (8 damage)
             ... on level 11 of the Dungeon.
             The game lasted 00:13:10 (8987 turns).

galech the Cleaver (Demonspawn Fighter)             Turns: 8987, Time: 00:13:11

Health: 0/84       AC: 14    Str: 17    XL:     11   Next: 50%
Magic:  7/12       EV: 11    Int:  9    God:    Okawaru [*****.]
Gold:   473        SH: 11    Dex: 16    Spells: 10/10 levels left

rFire    . . .     SeeInvis +   w - +2 hand axe (venom)
rCold    + . .     Gourm    .   c - +0 shield
rNeg     . . .     Faith    .   b - +0 scale mail
rPois    .         Spirit   .   (no helmet)
rElec    .         Reflect  .   d - +2 cloak "Nieh" {Regen+}
rCorr    .         Harm     .   (no gloves)
MR       +....                  (no boots)
Stlth    +.........             (no amulet)
HPRegen  0.64/turn              F - ring of see invisible
MPRegen  0.13/turn              E - ring of protection from magic

@: about to teleport, finesse, very slightly contaminated, slowed, drained, very
slow
A: talons 2, icy blue scales 2, cold resistance 1, powered by death 2
a: Heroism, Finesse, Renounce Religion


You were on level 11 of the Dungeon.
You worshipped Okawaru.
Okawaru was extremely pleased with you.
You were not hungry.

You visited 2 branches of the dungeon, and saw 12 of its levels.

You collected 473 gold pieces.

Inventory:

Hand Weapons
 a - a +0 war axe
 w - a +2 hand axe of venom (weapon)
Armour
 b - a +0 scale mail (worn)
 c - a +0 shield (worn)
 d - the +2 cloak "Nieh" (worn) {Regen+}
   (You found it on level 4 of the Dungeon)

   It increases your rate of regeneration.
 y - a +1 robe of fire resistance
Jewellery
 n - an uncursed ring of resist corrosion
 E - a ring of protection from magic (right hand)
 F - a ring of see invisible (left hand)
Wands
 p - a wand of acid (20)
 u - a wand of polymorph (8)
 A - a wand of iceblast (12)
 D - a wand of paralysis (7)
Scrolls
 e - 3 scrolls of remove curse
 g - 4 scrolls of amnesia
 k - 3 scrolls of immolation
 q - 2 scrolls of enchant armour
 t - 2 scrolls of magic mapping
 x - a scroll of fog
 B - a scroll of fear
 C - 3 scrolls of noise
 H - a scroll of blinking
Potions
 j - 8 potions of curing {unknown}
 l - a potion of magic {unknown}
 m - 4 potions of degeneration {unknown}
 o - 5 potions of lignification {unknown}
 r - 3 potions of agility {unknown}
 s - a potion of heal wounds
 z - a potion of ambrosia
 G - a potion of brilliance
 I - a potion of flight
Comestibles
 f - 25 rations


   Skills:
 + Level 7.6(7.0) Fighting
 + Level 10.3(9.7) Axes
 + Level 7.6(7.0) Armour
 + Level 4.9(4.3) Dodging
 + Level 2.0(1.4) Stealth
 + Level 8.3(7.6) Shields
 + Level 1.5(0.9) Invocations


You had 10 spell levels left.
You didn't know any spells.
Your spell library contained the following spells:

 Spells                   Type           Power        Failure   Level  Hunger
 Sting                    Conj/Pois      #...         97%         1    ##.....
 Poisonous Vapours        Pois/Air       #.....       99%         2    ###....
 Mephitic Cloud           Conj/Pois/Air  #.......     100%        3    ####...
 Olgreb's Toxic Radiance  Pois           #.......     100%        4    #####..
 Venom Bolt               Conj/Pois      #.........   100%        5    ######.


Dungeon Overview and Level Annotations

Branches:
Dungeon (11/15)            Temple (1/1) D:5            Lair (0/6) D:11
    Orc: D:9-12

Altars:
Ashenzari
Elyvilon
Gozag
Hepliaklqana
Kikubaaqudgha
Makhleb
Okawaru
Ru
Trog
Wu Jian
Zin
The Shining One

Shops:
D:4 =   D:9 =   D:10 }

Annotations:
D:11 Josephine


Innate Abilities, Weirdness & Mutations

You have razor-sharp toenails.
You are mostly covered in icy blue scales. (AC +3)
Your flesh is cold resistant. (rC+)
You regenerate health from kills.


Message History

The orc wizard gestures wildly while chanting.
The orc wizard flickers and vanishes for a moment.
A two-headed ogre comes into view.
It is wielding a +0 giant club and a +0 An orc comes into view.
It is wielding a +0 hand axe.
Found an escape hatch in the ceiling.
An orc comes into view. It is wielding a +0 whip.
As you read the scroll of teleportation, it crumbles to dust.
You feel strangely unstable.
You feel like a meek peon again.
The two-headed ogre shouts in stereo!
The orc shouts!
The orc throws a tomahawk of returning.
The tomahawk of returning hits you.
* * * LOW HITPOINT WARNING * * *
The weapon returns to the orc!
The orc wizard gestures at you while chanting.
The magic dart hits you!
The orc throws a tomahawk of returning.
The tomahawk of returning hits you but does no damage.
The orc throws a tomahawk of returning.
You block the tomahawk of returning.
The weapon returns to the orc!
The two-headed ogre barely misses you.
The two-headed ogre hits you with a +0 giant spiked club!
You die...

# ## .. .. ## # . ###.
#..#. .. #.### ..
.#.##.#. ... .....
...#......###... .....
........oo.#.#.. .....
...........o...# #......
...............# #......
.......@....o..###....##
.......O(.............
...##.................##
# #....................
#..#.##...###..........
.#..# ##..# ....>.... #
#.. ..# ......(. ....
... ........ ## ...<
......##


You could see a two-headed ogre, an orc wizard (invisible) and 3 orcs.

Vanquished Creatures
  Erolcha (D:11)
  A two-headed ogre (D:11)
  Nergalle (D:11)
  An unseen horror (D:10)
  Pikel (D:4)
  A cyclops (D:10)
  2 manticores (D:11)
  An ugly thing (D:10)
  3 centaur skeletons
  2 trolls (D:9)
  A hippogriff (D:8)
  A meliai zombie (D:11)
  4 yaks (D:10)
  A wyvern (D:10)
  3 hungry ghosts
  Menkaure (D:7)
  2 wargs (D:11)
  A water moccasin (D:6)
  Duvessa (D:6)
  4 slaves
  3 orc warriors
  2 sky beasts
  4 ice beasts
  4 ogres
  2 black bears (D:8)
  2 necrophages
  3 phantoms
  3 centaurs
  A big kobold (D:10)
  3 bullfrogs
  A gnoll sergeant (D:10)
  Dowan (D:6)
  2 scorpions
  3 killer bees (D:8)
  A howler monkey (D:10)
  5 crimson imps
  3 bullfrog zombies
  3 hounds
  6 orc priests
  Terence (D:2)
  Jessica (D:2)
  14 orc wizards
  13 worker ants
  A hound zombie (D:8)
  2 hound skeletons
  A worker ant zombie (D:9)
  14 gnolls
  12 adders
  2 shadow imps (D:6)
  4 oozes (D:1)
  An adder skeleton (D:4)
  2 worms (D:2)
  4 dart slugs
  8 leopard geckos
  47 orcs
  3 giant cockroaches
  9 hobgoblins
  13 kobolds
  6 quokkas
  2 ball pythons (D:1)
  14 bats
  4 frilled lizards
  10 goblins
  A leopard gecko skeleton (D:4)
  3 quokka skeletons
  7 rats
284 creatures vanquished.

Vanquished Creatures (others)
  A human (D:2)
1 creature vanquished.

Grand Total: 285 creatures vanquished

Notes
Turn   | Place    | Note
-------+----------+-------------------------------------------
     0 | D:1      | galech the Demonspawn Fighter began the quest for the Orb.
     0 | D:1      | Reached XP level 1. HP: 18/18 MP: 1/1
    32 | D:1      | Gained mutation: Your flesh is cold resistant. (rC+)
                  | [demonic ancestry]
    32 | D:1      | Reached XP level 2. HP: 18/24 MP: 2/2
   356 | D:1      | Reached XP level 3. HP: 20/29 MP: 3/3
   364 | D:1      | Reached skill level 2 in Axes
   855 | D:2      | Gained mutation: You regenerate a little health from kills.
                  | [demonic ancestry]
   855 | D:2      | Reached XP level 4. HP: 30/35 MP: 4/4
  1353 | D:2      | Reached skill level 3 in Axes
  1356 | D:2      | Noticed Terence
  1364 | D:2      | Killed Terence
  1364 | D:2      | Gained mutation: You have sharp toenails. [demonic
                  | ancestry]
  1364 | D:2      | Reached XP level 5. HP: 32/41 MP: 5/5
  1639 | D:2      | Noticed Jessica
  1648 | D:2      | Killed Jessica
  1921 | D:2      | Found an ancient bone altar of Kikubaaqudgha.
  1922 | D:2      | Noticed a human
  1924 | D:2      | Killed a human
  2350 | D:3      | Reached skill level 1 in Dodging
  2435 | D:3      | Found a glowing silver altar of Zin.
  2435 | D:3      | Found a sacrificial altar of Ru.
  2724 | D:3      | Reached XP level 6. HP: 31/48 MP: 6/6
  3084 | D:4      | Got a spiked cloak
  3090 | D:4      | Identified the +2 cloak "Nieh" {Regen+} (You found it on
                  | level 4 of the Dungeon)
  3091 | D:4      | Noticed a slave
  3091 | D:4      | Noticed a slave
  3091 | D:4      | Noticed Pikel
  3092 | D:4      | Noticed a slave
  3092 | D:4      | Noticed a slave
  3116 | D:4      | Killed a slave
  3132 | D:3      | Killed a slave
  3193 | D:3      | Killed a slave
  3222 | D:4      | Killed a slave
  3447 | D:4      | Killed Pikel
  3447 | D:4      | Reached skill level 4 in Axes
  3447 | D:4      | Reached XP level 7. HP: 50/54 MP: 7/7
  3622 | D:4      | Reached skill level 5 in Axes
  3677 | D:4      | Found Ziduva's Jewellery Boutique.
  3764 | D:4      | Found a burning altar of Makhleb.
  3846 | D:5      | Entered Level 5 of the Dungeon
  3881 | D:5      | Gained mutation: You have razor-sharp toenails. [demonic
                  | ancestry]
  3881 | D:5      | Reached XP level 8. HP: 55/61 MP: 8/8
  3927 | D:5      | Found a staircase to the Ecumenical Temple.
  3968 | Temple   | Entered the Ecumenical Temple
  3987 | Temple   | Became a worshipper of Warmaster Okawaru
  4079 | D:5      | Reached skill level 1 in Stealth
  4378 | D:6      | Reached skill level 6 in Axes
  4476 | D:6      | Noticed Dowan
  4484 | D:6      | Noticed Duvessa
  4484 | D:6      | Killed Dowan
  4484 | D:6      | Reached * piety under Okawaru
  4484 | D:6      | Reached skill level 5 in Shields
  4502 | D:6      | Killed Duvessa
  4502 | D:6      | Reached skill level 5 in Armour
  4735 | D:6      | Found a hazy altar of Hepliaklqana.
  4764 | D:6      | Reached skill level 5 in Fighting
  4764 | D:6      | Reached skill level 7 in Axes
  4770 | D:6      | Found an ornate altar of the Wu Jian Council.
  4931 | D:6      | Reached ** piety under Okawaru
  4931 | D:6      | Gained mutation: You are partially covered in icy blue
                  | scales. (AC +2) [demonic ancestry]
  4931 | D:6      | Reached XP level 9. HP: 68/68 MP: 9/9
  5550 | D:7      | Found a shattered altar of Ashenzari.
  5573 | D:7      | Noticed Menkaure
  5583 | D:7      | Killed Menkaure
  5585 | D:7      | Reached skill level 8 in Axes
  6090 | D:8      | Reached *** piety under Okawaru
  6182 | D:8      | Found an opulent altar of Gozag.
  6413 | D:8      | Gained mutation: You are mostly covered in icy blue scales.
                  | (AC +3) [demonic ancestry]
  6413 | D:8      | Reached XP level 10. HP: 57/76 MP: 8/10
  6905 | D:9      | Found Dacse's Jewellery Shop.
  6975 | D:9      | Reached **** piety under Okawaru
  7230 | D:9      | Reached skill level 9 in Axes
  7550 | D:10     | Entered Level 10 of the Dungeon
  7733 | D:10     | Noticed an unseen horror
  7744 | D:10     | Killed an unseen horror
  7744 | D:10     | Reached ***** piety under Okawaru
  7754 | D:10     | Noticed a green ugly thing
  7789 | D:10     | Killed a green ugly thing
  7789 | D:10     | Received a gift from Okawaru
  7989 | D:10     | Noticed a cyclops
  8063 | D:10     | Killed a cyclops
  8160 | D:10     | Found Seuqul's Gadget Emporium.
  8168 | D:10     | Gained mutation: You regenerate health from kills. [demonic
                  | ancestry]
  8168 | D:10     | Reached XP level 11. HP: 71/84 MP: 11/11
  8619 | D:11     | Noticed Erolcha
  8622 | D:11     | Noticed Nergalle
  8632 | D:11     | Killed Erolcha
  8639 | D:11     | Reached skill level 10 in Axes
  8646 | D:11     | Killed Nergalle
  8646 | D:11     | Reached skill level 1 in Invocations
  8716 | D:11     | Found a staircase to the Lair.
  8750 | D:11     | Noticed a two-headed ogre
  8887 | D:11     | Killed a two-headed ogre
  8968 | D:11     | Noticed an eight-headed hydra
  8971 | D:11     | Noticed Josephine
  8981 | D:11     | HP: 4/84 [12-headed hydra (6)]
  8985 | D:11     | Noticed a two-headed ogre
  8987 | D:11     | Slain by a two-headed ogre

Vault maps used:
D:1:      onia_arrival_handbag
D:2:      tgw_kikubaaqudgha, uniq_jessica, uniq_terence
D:3:      gammafunk_temple_overflow_statue, first_ration
D:4:      makhleb_blood_cavern_becter, serial_shops, nicolae_shop_behind_doors,
          uniq_pikel
D:5:      minmay_temple_entry_gardened_gates
D:6:      overflow_temple_1_default, marbit_many_paths, uniq_duvessa
D:7:      basic_altar, grunt_ogre_cave, uniq_menkaure
D:8:      grunt_gozag_breadcrumbs
D:9:      serial_shops, nicolae_shop_stone
D:10:     serial_shops, shop
D:11:     erik_lair_orcish_takeover, serial_shops, shop, uniq_josephine,
          uniq_erolcha, uniq_nergalle
Temple:   eino_temple_scatter_basement

Skill      XL: |  1  2  3  4  5  6  7  8  9 10 11 |
---------------+----------------------------------+-----
Armour         | 3 4 5 6 7 |  7.6
Shields        | 3 4 5 6 7 8 |  8.3
Axes           | 2 3 4 5 7 8 9 10 | 10.3
Dodging        | 1 2 3 4 |  4.9
Fighting       | 4 5 6 7 |  7.6
Stealth        | 1 2 |  2.0
Invocations    | 1 |  1.5

Action                   |  1- 3 |  4- 6 |  7- 9 | 10-12 || total
-------------------------+-------+-------+-------+-------++-------
Melee: War axe           |   102 |   288 |    63 |       ||   453
       Kick              |       |    57 |   107 |   137 ||   301
       Hand axe          |       |       |   294 |   375 ||   669
Invok: Heroism           |       |       |     1 |     4 ||     5
       Finesse           |       |       |       |     2 ||     2
  Use: Potion            |     1 |       |       |     1 ||     2
       Scroll            |       |     1 |     1 |    16 ||    18
 Stab: Distracted        |       |       |     1 |       ||     1
  Eat: Chunk             |       |     9 |    12 |    11 ||    32
Armor: Scale mail        |    61 |   127 |   101 |   100 ||   389
       Ring mail         |       |     4 |       |       ||     4
Dodge: Dodged            |    42 |   101 |   100 |   144 ||   387
Block: Shield            |    67 |   155 |   147 |   194 ||   563

Table legend:
 A = Non-vault XP
 B = Vault XP
 C = Vault XP percentage of total XP
 D = Non-vault monster count
 E = Vault monster count
 F = Vault count percentage of total count
                 A         B        C        D         E       F
            +---------+---------+-------+---------+---------+-------
      Total |   12725 |    3768 |  22.8 |     257 |      23 |   8.2
            +---------+---------+-------+---------+---------+-------
        D:1 |      84 |      11 |  11.6 |      31 |       4 |  11.4
        D:2 |     109 |      75 |  40.8 |      27 |       2 |   6.9
        D:3 |     136 |      42 |  23.6 |      27 |       1 |   3.6
        D:4 |     230 |     673 |  74.5 |       8 |       1 |  11.1
        D:5 |     378 |       0 |   0.0 |      10 |       0 |   0.0
        D:6 |    1044 |     214 |  17.0 |      33 |       2 |   5.7
        D:7 |     749 |     283 |  27.4 |      15 |       2 |  11.8
        D:8 |    2057 |       0 |   0.0 |      38 |       0 |   0.0
        D:9 |    1240 |       0 |   0.0 |      22 |       0 |   0.0
       D:10 |    4191 |       0 |   0.0 |      35 |       0 |   0.0
       D:11 |    2507 |    2470 |  49.6 |      11 |      11 |  50.0
            +---------+---------+-------+---------+---------+-------
